AoeStats
← seyfildur

Arena

506903215Analyzed
1v1 RM · 17d ago on Sep 15, 2026· 92m 56s· 2 players
Game mode
Random Map
Map size
Tiny (2 player)
Population
200
Speed
Normal
Resources
Standard
Victory
Conquest
Starting age
Dark Age
Ending age
Imperial Age
RankedLock teamsTeams togetherTeam positionsShared explorationLock speedFull tech treeHidden civsTurbo modeCheats
Victory
Defeat
🇹🇷 Malians · Türkiye
1082
+15
🇹🇷 Spanish · Türkiye
1056
-15
Tolstoyevski
10:26 Feudal Age
14:27 Castle Age
12:51 Double-Bit Axe
13:45 Horse Collar
14:49 Bloodlines
20:41 Wheelbarrow
21:10 Bow Saw
21:40 Loom
22:14 Hand Cart
23:27 Gold Mining
23:57 Heavy Plow
28:29 Imperial Age
26:50 Elite Skirmisher
27:24 Fletching
28:20 Thumb Ring
28:48 Bodkin Arrow
29:19 Ballistics
29:11 Fortified Wall
30:44 Crop Rotation
30:30 Scale Mail Armor
30:42 Forging
30:45 Stone Mining
31:57 Conscription
33:32 Chain Mail Armor
33:52 Iron Casting
34:29 Chemistry
33:28 Murder Holes
34:05 Pikeman
34:46 Squires
35:21 Plate Mail Armor
34:52 Town Watch
38:02 Padded Archer Armor
52:18 Masonry
68:17 Bloodlines
67:29 Light Cavalry
68:18 Husbandry
68:48 Scale Barding Armor
69:56 Chain Barding Armor
69:54 Leather Archer Armor
73:03 Plate Barding Armor
71:56 Heavy Camel Rider
seyfildur
9:11 Feudal Age
16:06 Castle Age
13:53 Loom
15:05 Double-Bit Axe
15:01 Horse Collar
17:55 Bow Saw
19:18 Stone Mining
19:30 Gold Mining
25:34 Wheelbarrow
27:42 Stone Shaft Mining
27:18 Scale Barding Armor
27:19 Husbandry
28:47 Hand Cart
29:49 Bloodlines
30:11 Chain Barding Armor
32:30 Imperial Age
30:19 Town Watch
31:44 Forging
31:25 Fletching
31:32 Murder Holes
33:12 Scale Mail Armor
33:50 Plate Barding Armor
32:38 Cavalier
34:13 Heavy Plow
35:14 Two-Man Saw
34:53 Iron Casting
34:13 Bodkin Arrow
34:59 Conscription
34:43 Paladin
35:04 Light Cavalry
37:18 Chemistry
36:30 Masonry
38:09 Blast Furnace
37:36 Gambesons
37:52 Squires
37:37 Arson
39:04 Hussar
40:35 Architecture
40:26 Ballistics
40:08 Bracer
44:01 Man-at-Arms
47:03 Long Swordsman
47:04 Pikeman
48:23 Two-Handed Swordsman
49:27 Scale Mail Armor
49:28 Padded Archer Armor
50:02 Coinage
50:02 Supremacy
51:54 Champion
57:41 Elite Skirmisher
58:28 Thumb Ring
58:45 Leather Archer Armor
58:45 Chain Mail Armor
59:16 Banking
73:49 Capped Ram
75:15 Siege Ram
Connection lost

Rejoining the realm…

Still unreachable

The connection could not be restored.

Session expired

The server has moved on; the page needs a fresh start.